 Dungeon Crawl Stone Soup version 0.25-a0-42-g6c54e25894 (webtiles) character file.

Game seed: 14554365595246354531, levelgen mode: deterministic

2678 Esekla the Thaumaturge (level 9, 0/45 HPs)
             Began as a Deep Elf Wizard on Oct 23, 2019.
             Was an Initiate of Ashenzari.
             Slain by a soul eater (5 damage)
             ... summoned by the anger of Yredelemnul
             ... on level 7 of the Dungeon.
             The game lasted 01:02:17 (8005 turns).

Esekla the Thaumaturge (Deep Elf Wizard)            Turns: 8005, Time: 01:02:18

Health: 0/45       AC:  5    Str:  7    XL:     9   Next: 37%
Magic:  18/21      EV: 13    Int: 24    God:    Ashenzari [......]
Gold:   378        SH:  0    Dex: 13    Spells: 15/24 levels left

rFire    . . .     SeeInvis +   v - +4 dagger (venom)
rCold    . . .     Gourm    .   (no shield)
rNeg     . . .     Faith    .   y - +2 robe {MR+}
rPois    +         Spirit   .   (helmet restricted)
rElec    .         Reflect  .   j - +0 cloak
rCorr    .         Harm     .   (no gloves)
MR       ++...     Clarity  +   (no boots)
Stlth    +++.......             (no amulet)
HPRegen  0.15/turn              g - ring of protection from magic
MPRegen  0.17/turn              e - ring of poison resistance

@: drained
A: horns 1, see invisible, clarity, low mp 1
a: Curse Item, Renounce Religion


You were on level 7 of the Dungeon.
You worshipped Ashenzari.
Ashenzari was noncommittal.
You were hungry.

You visited 2 branches of the dungeon, and saw 9 of its levels.

You collected 378 gold pieces.

Inventory:

Hand Weapons
 b - a +0 trident
 v - a +4 dagger of venom (weapon)
Missiles
 q - 31 poisoned darts (quivered)
 z - 4 boomerangs
Armour
 j - a +0 cloak (worn)
 r - a +0 helmet
 y - a +2 robe of magic resistance (worn)
Jewellery
 a - an uncursed ring of flight
 e - a ring of poison resistance (right hand)
 g - a ring of protection from magic (left hand)
 m - an uncursed ring of protection from magic
 u - an uncursed ring of fire
 A - an uncursed ring of fire
Wands
 w - a wand of flame (15)
 x - a wand of polymorph (10)
Scrolls
 c - 2 scrolls of fog
 h - a scroll of remove curse
 n - 3 scrolls of teleportation
 p - 2 scrolls of amnesia {unknown}
 s - 2 scrolls of enchant armour {unknown}
Potions
 f - 3 potions of heal wounds
 i - 2 potions of invisibility
 k - a potion of berserk rage
 l - 2 potions of haste {unknown}
 o - 4 potions of curing
 t - a potion of cancellation {unknown}
 B - 2 potions of brilliance {unknown}
 C - a potion of mutation
 D - a potion of experience {unknown}
Comestibles
 d - 18 rations


   Skills:
 + Level 3.6(2.8) Short Blades
 + Level 1.0(0.2) Polearms
 + Level 3.8(3.0) Dodging
 + Level 5.3(4.4) Stealth
 * Level 8.1(7.2) Spellcasting
 * Level 6.8(5.9) Conjurations
   Level 1.1(0.3) Summonings
 + Level 4.8(3.9) Translocations
 * Level 0.5(0.0) Fire Magic
 + Level 4.2(3.3) Air Magic
 + Level 4.6(3.7) Poison Magic


You had 15 spell levels left.
You knew the following spells:

 Your Spells              Type           Power        Failure   Level  Hunger
a - Magic Dart            Conj           ####         1%          1    None
b - Blink                 Tloc           N/A          2%          2    None
c - Mephitic Cloud        Conj/Pois/Air  ####....     3%          3    None
f - Conjure Flame         Conj/Fire      ###.....     6%          3    None

Your spell library contained the following spells:

 Spells                   Type           Power        Failure   Level  Hunger
 Beastly Appendage        Tmut           #.....       7%          1    None
 Call Imp                 Summ           ##......     10%         2    None
 Spider Form              Tmut/Pois      ###.......   10%         3    None
 Slow                     Hex            #.......     11%         2    None
 Sticks to Snakes         Tmut           #.......     11%         2    None
 Ice Form                 Ice/Tmut       #.......     56%         4    ###....
 Blade Hands              Tmut           #.........   89%         5    #####..


Dungeon Overview and Level Annotations

Branches:
Dungeon (8/15)             Temple (1/1) D:6
   Lair: D:8-11

Altars:
Ashenzari
Cheibriados
Dithmenos
Elyvilon
Fedhas
Gozag
Hepliaklqana
Kikubaaqudgha
Makhleb
Nemelex Xobeh
Okawaru
Qazlal
Ru
Sif Muna
Trog
Uskayaw
Vehumet
Wu Jian
Yredelemnul
Zin
The Shining One

Annotations:
D:3 Grinder
D:4 3 runed translucent doors, skk's ghost, amateur TeFi


Innate Abilities, Weirdness & Mutations

You have a pair of small horns on your head.
You have supernaturally acute eyesight. (SInv)
You possess an exceptional clarity of mind.
Your magical capacity is low. (-10% MP)


Message History

The fire ignites!
Your +4 dagger of venom stops dripping with poison.
b - a +0 trident (weapon)
Your +4 dagger of venom begins to drip with poison!
v - a +4 dagger of venom (weapon)
The soul eater is engulfed in blazing flames.
The soul eater hits you!!
You feel drained.
You closely miss the soul eater.
The soul eater is moderately wounded.
You are feeling hungry.
You hit the soul eater but do no damage.
The soul eater is moderately wounded.
The soul eater closely misses you.
You hit the soul eater but do no damage.
The soul eater is moderately wounded.
The soul eater is engulfed in blazing flames.
The soul eater hits you!
* * * LOW HITPOINT WARNING * * *
You feel drained.
You die...

#.# #.#
#.#
####.####
#.......#
#######.#
#.# #3#
#@# #.#
#.# ..^
#.. #..#
#..# #..#


You could see a soul eater.

Vanquished Creatures
  Eustachio (D:5)
  Menkaure (D:5)
  A water moccasin (D:3)
  Duvessa (D:6)
  An ice beast (D:6)
  2 sky beasts
  3 ogres
  A phantom (D:5)
  A necrophage (D:6)
  2 centaurs (D:7)
  A big kobold (D:5)
  A bullfrog (D:7)
  5 scorpions
  Dowan (D:6)
  A wight (D:6)
  4 crimson imps
  A bullfrog zombie (D:6)
  A hound (D:5)
  3 orc priests
  3 orc wizards
  Crazy Yiuf (D:3)
  A centaur skeleton (D:6)
  Jessica (D:1)
  Ijyb (D:5)
  Natasha (thrice) (D:2)
  4 worker ants
  A hound zombie (D:6)
  A hound skeleton (D:6)
  Robin (D:3)
  11 adders
  2 shadow imps
  A worm (D:2)
  6 dart slugs
  9 leopard geckos
  20 orcs
  A ball python (D:2)
  4 giant cockroaches
  12 goblins
  13 hobgoblins
  2 quokkas
  9 bats
  3 frilled lizards
  A jackal skeleton (D:6)
  14 kobolds
  A leopard gecko zombie (D:7)
  A quokka skeleton (D:5)
  14 rats
  2 bushes (D:5)
175 creatures vanquished.

Vanquished Creatures (others)
  A leopard gecko skeleton (D:5)
1 creature vanquished.

Grand Total: 176 creatures vanquished

Notes
Turn   | Place    | Note
-------+----------+-------------------------------------------
     0 | D:1      | Esekla the Deep Elf Wizard began the quest for the Orb.
     0 | D:1      | Reached XP level 1. HP: 10/10 MP: 7/7
   325 | D:1      | Reached XP level 2. HP: 15/15 MP: 6/9
   327 | D:1      | Reached skill level 5 in Spellcasting
   334 | D:1      | Learned a level 2 spell: Blink
   681 | D:1      | Reached XP level 3. HP: 16/19 MP: 6/11
   945 | D:2      | Noticed Jessica
  1015 | D:2      | Learned a level 3 spell: Mephitic Cloud
  1019 | D:2      | Learned a level 3 spell: Conjure Flame
  1354 | D:2      | Reached XP level 4. HP: 17/24 MP: 8/13
  1417 | D:2      | Reached skill level 1 in Poison Magic
  1537 | D:1      | Killed Jessica
  1782 | D:2      | Noticed Natasha
  1789 | D:2      | Killed Natasha
  1789 | D:2      | Reached XP level 5. HP: 28/28 MP: 9/15
  1844 | D:2      | Noticed Natasha
  1854 | D:2      | Killed Natasha
  1854 | D:2      | Reached skill level 6 in Spellcasting
  1854 | D:2      | Reached skill level 1 in Air Magic
  1928 | D:2      | Found a faded altar of an unknown god.
  1937 | D:2      | Became a worshipper of Yredelemnul the Dark
  1937 | D:2      | Reached * piety under Yredelemnul
  2053 | D:2      | Noticed Natasha
  2058 | D:2      | Killed Natasha
  2091 | D:3      | Noticed Robin
  2112 | D:3      | Killed Robin
  2276 | D:3      | Found a shimmering blue altar of Sif Muna.
  2289 | D:3      | Noticed a water moccasin
  2302 | D:3      | Killed a water moccasin
  2302 | D:3      | Reached skill level 1 in Short Blades
  2302 | D:3      | Reached XP level 6. HP: 22/32 MP: 7/17
  2353 | D:3      | Noticed Grinder
  2366 | D:3      | Found a runed translucent door.
  2366 | D:3      | Noticed Crazy Yiuf
  2546 | D:3      | Killed Crazy Yiuf
  2647 | D:3      | Reached ** piety under Yredelemnul
  2827 | D:3      | Found a glowing silver altar of Zin.
  3283 | D:4      | Found a runed translucent gate.
  3284 | D:4      | Found a runed translucent gate.
  3285 | D:4      | Found a runed translucent gate.
  3288 | D:4      | Noticed skk's ghost (amateur TeFi)
  3307 | D:4      | Reached XP level 7. HP: 30/36 MP: 18/18
  3726 | D:4      | Gained mutation: You possess an exceptional clarity of
                  | mind. [potion of mutation]
  3726 | D:4      | Gained mutation: You have supernaturally acute eyesight.
                  | (SInv) [potion of mutation]
  3763 | D:4      | Gained mutation: Your magical capacity is low. (-10% MP)
                  | [potion of mutation]
  3763 | D:4      | Gained mutation: You do not regenerate when monsters are
                  | visible. [potion of mutation]
  3763 | D:4      | Gained mutation: Your flesh is cold resistant. (rC+)
                  | [potion of mutation]
  3763 | D:4      | Gained mutation: Your mind is acute. (Int +2) [potion of
                  | mutation]
  3764 | D:4      | Lost mutation: Your flesh is cold resistant. (rC+) [potion
                  | of mutation]
  3764 | D:4      | Lost mutation: You possess an exceptional clarity of mind.
                  | [potion of mutation]
  3764 | D:4      | Lost mutation: You do not regenerate when monsters are
                  | visible. [potion of mutation]
  3764 | D:4      | Gained mutation: You have a pair of small horns on your
                  | head. [potion of mutation]
  3764 | D:4      | Lost mutation: Your mind is acute. (Int +2) [potion of
                  | mutation]
  3764 | D:4      | Gained mutation: You possess an exceptional clarity of
                  | mind. [potion of mutation]
  4214 | D:5      | Entered Level 5 of the Dungeon
  4729 | D:5      | Found a sparkling altar of Nemelex Xobeh.
  4878 | D:5      | Reached skill level 5 in Conjurations
  4899 | D:5      | Reached skill level 7 in Spellcasting
  4937 | D:5      | Reached XP level 8. HP: 27/41 MP: 8/18
  5062 | D:5      | Found a shattered altar of Ashenzari.
  5236 | D:5      | Noticed Eustachio
  5236 | D:5      | Noticed Menkaure
  5247 | D:5      | Killed Eustachio
  5667 | D:5      | Killed Menkaure
  5984 | D:5      | Noticed Ijyb
  6003 | D:5      | Killed Ijyb
  6214 | D:5      | Fell from the grace of Yredelemnul
  6214 | D:5      | Became a worshipper of Ashenzari the Shackled
  6324 | D:6      | Found a sparkling altar of Nemelex Xobeh.
  6489 | D:6      | Found a staircase to the Ecumenical Temple.
  6507 | D:6      | Reached skill level 5 in Stealth
  6550 | D:6      | Noticed Duvessa
  6551 | D:6      | Noticed Dowan
  6574 | Temple   | Entered the Ecumenical Temple
  6719 | D:6      | Killed Dowan
  6719 | D:6      | Reached XP level 9. HP: 41/45 MP: 14/20
  7106 | D:7      | Reached skill level 1 in Polearms
  7696 | D:6      | Killed Duvessa
  7696 | D:6      | Reached skill level 8 in Spellcasting
  7823 | D:7      | Found a white marble altar of Elyvilon.
  7998 | D:7      | Noticed a soul eater
  8005 | D:7      | Slain by a soul eater

Levels and vault maps discovered:
D:1:      wheals_arrival_shading, layout_basic
D:2:      layout_rooms, chequers_ecumenical_altar_grove, first_ration,
          uniq_natasha, uniq_jessica
D:3:      layout_loops_ring, old_standard_altar, nicolae_overflow_hidden_temple,
          uniq_robin, uniq_crazy_yiuf_cottage, uniq_grinder
D:4:      layout_layer_cave, ebering_ghost_rock_garden, hex_medium
D:5:      layout_basic, lemuel_round_altar, lemuel_doored_altar,
          lexackson_kobold_supper, uniq_ijyb, uniq_eustachio, uniq_menkaure
D:6:      layout_gridville, minmay_temple_entry_glass,
          nemelex_spade_bored_becter, uniq_duvessa
D:7:      layout_loops_ring, overflow_temple_1_default, grunt_ogre_cave
D:8:      layout_cave_pools, uniq_erica
Temple:   nicolae_temple_elliptical

Skill      XL: |  1  2  3  4  5  6  7  8  9 |
---------------+----------------------------+-----
Spellcasting   | 5 6 7 8 |  8.1
Conjurations   | 2 3 4 5 6 |  6.8
Poison Magic   | 1 2 3 4 |  4.6
Air Magic      | 1 2 3 4 |  4.2
Short Blades   | 1 2 3 |  3.6
Stealth        | 3 5 |  5.3
Translocations | 2 3 4 |  4.8
Dodging        | 3 |  3.8
Polearms       | 1 |  1.0
Summonings     | |  1.1
Fire Magic     | |  0.5

Action                   |  1- 3 |  4- 6 |  7- 9 || total
-------------------------+-------+-------+-------++-------
Melee: Rapier            |     9 |       |       ||     9
       Dagger            |       |    81 |   303 ||   384
       Headbutt          |       |       |    41 ||    41
       Trident           |       |       |     4 ||     4
 Cast: Magic Dart        |   108 |    56 |   114 ||   278
       Blink             |     4 |     2 |     7 ||    13
       Conjure Flame     |     1 |     1 |     9 ||    11
       Mephitic Cloud    |       |     9 |    11 ||    20
  Use: Scroll            |       |     6 |     4 ||    10
       Potion            |       |       |     4 ||     4
 Stab: Sleeping          |     1 |     4 |     9 ||    14
       Confused          |       |     5 |     7 ||    12
  Eat: Chunk             |     1 |     6 |     8 ||    15
       Ration            |       |       |     2 ||     2
Armor: Robe              |     9 |     8 |    28 ||    45
Dodge: Dodged            |    29 |    33 |   123 ||   185

Table legend:
 A = Non-vault XP
 B = Vault XP
 C = Vault XP percentage of total XP
 D = Non-vault monster count
 E = Vault monster count
 F = Vault count percentage of total count
                 A         B        C        D         E       F
            +---------+---------+-------+---------+---------+-------
      Total |    2979 |     847 |  22.1 |     148 |      24 |  14.0
            +---------+---------+-------+---------+---------+-------
        D:1 |      52 |      37 |  41.6 |      31 |       1 |   3.1
        D:2 |     170 |      36 |  17.5 |      29 |       1 |   3.3
        D:3 |     312 |      71 |  18.5 |      26 |       9 |  25.7
        D:4 |     269 |       0 |   0.0 |       7 |       0 |   0.0
        D:5 |     730 |     498 |  40.6 |      20 |      11 |  35.5
        D:6 |     633 |     205 |  24.5 |      17 |       2 |  10.5
        D:7 |     798 |       0 |   0.0 |      13 |       0 |   0.0
        D:8 |      15 |       0 |   0.0 |       5 |       0 |   0.0
            +---------+---------+-------+---------+---------+-------
